Map: Thunderbird LE

Players

havok

  • Race: Zerg Zerg
  • League: Diamond
  • Spawn Location: 11:00

Mez - Winner!

  • Race: Protoss Protoss
  • League: Master
  • Spawn Location: 5:00

VOD

Have the link to the VOD?

Description

Time

  • Played on: Aug. 17, 2019, 4:45 a.m.
  • Length: 10:35
Show
View Real Time Build Order
Export as new Build Order

havok Zerg 

Build Orders: Hatch First 

Get SALT Encoding   

  12  0:01  Drone  
  13  0:13  Overlord  
  13  0:18  Drone  
  14  0:31  Drone x2  
  14  0:35  Drone  
  17  0:54  Hatchery  
  17  0:55  Drone  
  17  0:59  Drone  
  18  1:10  Extractor  
  17  1:14  Spawning Pool  
  17  1:17  Drone  
  17  1:22  Drone  
  18  1:28  Drone  
  19  1:40  Drone  
  20  2:06  Zergling x2  
  20  2:07  Queen  
  20  2:08  Queen  
  25  2:15  Metabolic Boost  
  25  2:22  Zergling x2  
  26  2:27  Drone x2  
  28  2:30  Overlord  
  28  2:33  Overlord  
  28  2:48  Queen  
  28  2:51  Queen  
  30  2:56  Hatchery  
  31  3:02  Drone  
  31  3:03  Drone x3  
  31  3:04  Drone  
  36  3:07  Drone  
  37  3:22  Overlord  
  37  3:24  Drone x4  
  41  3:45  Drone x4  
  41  3:46  Queen  
  41  3:47  Queen  
  49  3:58  Overlord x2  
  49  4:09  Extractor  
  48  4:10  Queen  
  48  4:11  Overlord  
  48  4:12  Overlord  
  48  4:13  Drone x5  
  55  4:39  Drone x5  
  55  4:40  Drone x6  
  67  4:52  Drone  
  67  4:53  Drone x3  
  67  4:56  Lair  
  67  4:58  Spore Crawler  
  69  5:02  Roach Warren  
  69  5:06  Extractor  
  67  5:07  Extractor  
  67  5:08  Evolution Chamber x2  
  67  5:10  Zergling x2  
  67  5:11  Zergling x14  
  70  5:27  Zergling x2  
  70  5:28  Zergling x16  
  79  5:35  Drone x2  
  81  5:37  Overlord x3  
  81  5:41  Zerg Ground Armor Level 1  
  81  5:53  Overlord  
  80  6:07  Drone x6  
  80  6:08  Drone x6  
  91  6:14  Glial Reconstitution  
  91  6:18  Drone  
  91  6:19  Drone x4  
  96  6:30  Baneling Nest  
  93  6:34  Hydralisk Den  
  93  6:36  Hatchery  
  90  6:45  Roach x9  
  108  6:47  Overlord  
  108  6:57  Extractor  
  108  6:58  Roach x3, Extractor  
  112  7:01  Overlord x2  
  112  7:02  Overlord x3  
  112  7:04  Grooved Spines  
  112  7:20  Zergling x2  
  112  7:21  Lurker Den  
  111  7:36  Drone x2  
  113  7:52  Centrifical Hooks  
  113  7:55  Zerg Ground Armor Level 2  
  113  7:56  Zerg Melee Weapons Level 1  
  113  7:59  Queen  
  113  8:03  Zergling x40  
  113  8:04  Zergling x2  
  135  8:15  Muscular Augments  
  135  8:16  Drone x5  
  140  8:21  Hatchery  
  139  8:30  Zergling x2  
  139  8:31  Zergling x22  
  151  8:34  Baneling  
  151  8:35  Baneling x24  
  151  8:39  Extractor  
  151  8:40  Drone, Extractor  
  151  8:41  Drone x2  
  152  8:42  Queen  
  152  8:45  Hatchery  
  152  8:47  Infestation Pit  
  143  9:01  Baneling  
  129  9:14  Roach x5  
  129  9:15  Roach x11  
  153  9:21  Baneling x6  
  153  9:22  Baneling x2  
  153  9:23  Zergling x2  
  153  9:24  Zergling x14  
  137  9:44  Roach x3  
  137  9:45  Roach x5  
  101  10:01  Roach x4  
Show
View Real Time Build Order
Export as new Build Order

Mez Protoss - Winner!

Build Orders: 1 Gate Expand 

Get SALT Encoding   

  12  0:01  Probe  
  13  0:13  Probe  
  14  0:19  Pylon  
  14  0:25  Probe  
  15  0:37  Probe  
  16  0:44  Gateway  
  16  0:49  Probe  
  17  0:52  Assimilator  
  17  1:01  Probe  
  18  1:14  Probe  
  19  1:28  Nexus  
  19  1:35  Probe  
  20  1:44  Cybernetics Core  
  20  1:54  Pylon  
  20  1:56  Probe  
  20  2:00  Assimilator  
  21  2:08  Probe  
  22  2:09  Pylon  
  22  2:20  Probe  
  23  2:24  Pylon  
  23  2:32  Probe  
  23  2:33  Adept, Warp Gate  
  26  2:47  Probe  
  26  2:49  Probe  
  27  2:55  Probe  
  28  2:58  Probe  
  28  3:02  Robotics Facility  
  28  3:04  Probe  
  30  3:10  Stalker, Probe  
  34  3:16  Gateway  
  34  3:19  Probe x2  
  36  3:27  Probe  
  36  3:32  Twilight Council  
  37  3:36  Stalker  
  37  3:38  Probe  
  37  3:39  Probe  
  39  3:55  Immortal  
  45  4:03  Pylon  
  45  4:08  Charge  
  45  4:13  Probe x2  
  45  4:23  Stalker  
  45  4:24  Stalker  
  49  4:39  Gateway  
  49  4:41  Gateway  
  49  4:42  Gateway  
  49  4:43  Gateway  
  51  4:56  Gateway  
  51  4:57  Gateway  
  51  5:01  Warp Prism  
  51  5:44  Zealot  
  53  5:50  Pylon  
  53  5:54  Pylon x2  
  53  5:58  Pylon  
  45  6:14  Gateway  
  45  6:15  Gateway  
  45  6:18  Zealot x4  
  47  6:19  Zealot  
  47  6:20  Zealot x2  
  47  6:21  Zealot  
  61  6:28  Immortal, Pylon  
  61  6:46  Zealot x4  
  61  6:47  Zealot x4  
  81  7:09  Zealot x6  
  81  7:15  Pylon  
  93  7:19  Pylon  
  93  7:21  Pylon  
  93  7:23  Immortal  
  93  7:24  Pylon  
  93  7:29  Pylon  
  93  7:31  Pylon  
  97  7:44  Zealot x6  
  99  7:45  Zealot x2  
  99  7:47  Zealot  
  99  7:51  Zealot  
  117  8:13  Zealot  
  117  8:14  Zealot x4  
  117  8:15  Zealot  
  129  8:29  Pylon  
  129  8:44  Zealot x6  
  119  9:19  Zealot x5  
  119  9:20  Zealot x5  
  117  9:44  Zealot x5  
  117  9:45  Zealot x2  
  79  10:07  Zealot x6  
Tags
 
Add a new tag
Caveats
  • Supply blocks, unpowered buildings, or Contaminate may cause inaccurate times.
  • Supply counts are checked every 10 seconds.